 Dungeon Crawl Stone Soup version 0.18-a0-1526-gcb34c7c (webtiles) character file.

2796 Deemzul the Covert (level 9, -6/63 HPs)
             Began as an Octopode Monk on Mar 8, 2016.
             Was a Priest of Dithmenos.
             Mangled by an orc warrior
             ... wielding a +0 war axe
              (17 damage)
             ... on level 10 of the Dungeon.
             The game lasted 00:14:24 (7527 turns).

Deemzul the Covert (Octopode Monk)                  Turns: 7527, Time: 00:14:24

Health: -6/63      AC:  1    Str: 11    XL:     9   Next: 71%
Magic:  2/9        EV: 17    Int: 12    God:    Dithmenos [***...]
Gold:   581        SH:  7    Dex: 17    Spells: 0 memorised, 8 levels left

rFire  . . .     SeeInvis .       - Unarmed
rCold  + . .     Gourm    .     c - +1 buckler
rNeg   . . .     Faith    .     (helmet restricted)
rPois  .         Spirit   .     r - amulet of harm
rElec  .         Dismiss  .     d - ring of wizardry
rCorr  +         Reflect  .     h - ring of protection from cold
SustAt .         Harm     +     m - ring of loudness
MR     +....                    s - ring of resist corrosion
Stlth  ++++++....               (no ring)
                                (no ring)
                                (no ring)
                                (no ring)

@: wreathed by umbra, somewhat resistant to hostile enchantments, very stealthy
A: almost no armour, amphibious, 8 rings, constrict 8, camouflage 1, magic
resistance 1, gelatinous body 1, MP-powered wands
a: Shadow Step, Renounce Religion


You were on level 10 of the Dungeon.
You worshipped Dithmenos.
Dithmenos was most pleased with you.
You were not hungry.

You visited 2 branches of the dungeon, and saw 12 of its levels.

You collected 581 gold pieces.

Inventory:

Missiles
 x - 2 throwing nets (quivered)
Armour
 c - a +1 buckler (worn)
Jewellery
 d - a ring of wizardry (left tentacle)
 h - a ring of protection from cold (right tentacle)
 m - a ring of loudness (on tentacle)
 r - an amulet of harm (around mantle)
 s - a ring of resist corrosion (on tentacle)
Wands
 t - a wand of slowing (40/48)
 w - a wand of slowing (25/48)
Scrolls
 b - 4 scrolls of remove curse
 e - a scroll of amnesia
 i - a scroll of magic mapping
 j - a scroll of enchant armour
 l - 7 scrolls of identify
 o - a scroll of recharging
 p - 3 scrolls of fear
 q - a scroll of fog {unknown}
Potions
 n - 4 potions of curing
 v - a potion of heal wounds
 z - a potion of brilliance
Comestibles
 a - 6 bread rations
 f - 9 meat rations
 g - 3 beef jerkies
 k - a slice of pizza
 u - 7 fruits
 A - 2 royal jellies


   Skills:
 + Level 6.6 Fighting
 + Level 6.8 Dodging
 + Level 8.4 Stealth
 + Level 5.6 Shields
 + Level 7.0 Unarmed Combat


You had 8 spell levels left.
You didn't know any spells.

Dungeon Overview and Level Annotations

Branches:
Dungeon (11/15)            Temple (1/1) D:4            Lair (0/8) D:10
    Orc: D:9-12

Altars:
Ashenzari
Cheibriados
Dithmenos
Elyvilon
Fedhas
Kikubaaqudgha
Makhleb
Nemelex Xobeh
Okawaru
Pakellas
Qazlal
Ru
Sif Muna
Trog
Vehumet
Xom
Yredelemnul
The Shining One

Annotations:
D:7 Deemzul's ghost, novice OpMo
D:11 Harold


Innate Abilities, Weirdness & Mutations

You cannot wear most types of armour.
You are amphibious.
You can wear up to eight rings at the same time.
You can use your tentacles to constrict eight enemies at once.
Your skin changes colour to match your surroundings (Stealth).
Your rubbery body absorbs attacks (AC +1).
You are resistant to hostile enchantments.
You expend magic power (3 MP) to strengthen your wands.


Message History

You tentacle-slap the wyvern.
You kill the wyvern!
Dithmenos accepts your kill.
Your Unarmed Combat skill increases to level 7!
You tentacle-slap the orc. Your grab misses the orc.
The orc is almost dead.
You block the orc's attack.
You tentacle-slap the orc but do no damage.
You grab the orc.
The orc is almost dead.
You constrict the orc.
You kill the orc!
Dithmenos accepts your kill.
You tentacle-slap the orc warrior. Your grab misses the orc warrior.
The orc warrior is lightly wounded.
You tentacle-slap the orc warrior but do no damage.
Your grab misses the orc warrior. Your squeeze misses the orc warrior.
The orc warrior is lightly wounded.
The orc warrior hits you with a war axe!
You die...

#.############..#
#########...............#########
................................(
###############..................
#..................
#..................
#........>.........
#..................
*****##########o@................
,,,,,.........)..................
******#####..###########.........
#..# #....).... #..# #.........
#lo# #......... ###########o.#
#..(......
.............###########.........
...............o.l........)......


You could see an orc warrior.

Vanquished Creatures
  A merfolk (D:10)
  A wyvern (D:10)
  Eustachio (D:5)
  Edmund (D:5)
  A black bear (D:9)
  2 sky beasts
  2 centaurs (D:8)
  3 ogres
  Blork the orc (D:6)
  A big kobold (D:8)
  2 giant frogs
  A scorpion (D:7)
  A howler monkey (D:4)
  A giant frog zombie (D:5)
  2 crimson imps
  A quasit (D:10)
  A wasp zombie (D:10)
  3 hounds
  3 jellies
  An orc priest (D:8)
  A centaur skeleton (D:4)
  3 iguanas
  4 worker ants
  4 orc wizards
  A killer bee zombie (D:7)
  3 hound zombies
  A hound skeleton (D:8)
  14 gnolls
  11 adders
  A howler monkey skeleton (D:7)
  A shadow imp (D:6)
  An ooze (D:4)
  2 adder skeletons (D:4)
  A dart slug (D:1)
  4 giant geckos
  16 orcs
  2 ball pythons
  5 giant cockroaches
  12 goblins
  7 hobgoblins
  9 jackals
  5 quokkas
  5 bats
  A giant gecko skeleton (D:5)
  2 giant newts (D:1)
  12 kobolds
  6 rats
164 creatures vanquished.

Vanquished Creatures (others)
  2 orcs (D:4)
2 creatures vanquished.

Grand Total: 166 creatures vanquished

Notes
Turn   | Place    | Note
--------------------------------------------------------------
     0 | D:1      | Deemzul the Octopode Monk began the quest for the Orb.
     0 | D:1      | Reached XP level 1. HP: 16/16 MP: 1/1
    54 | D:1      | Reached skill level 3 in Stealth
   111 | D:1      | Reached XP level 2. HP: 6/21 MP: 2/2
   872 | D:1      | Reached XP level 3. HP: 26/26 MP: 3/3
  1062 | D:2      | Reached skill level 1 in Shields
  1438 | D:2      | Reached XP level 4. HP: 29/31 MP: 4/4
  1645 | D:3      | Reached skill level 4 in Stealth
  1823 | D:3      | Reached XP level 5. HP: 19/37 MP: 5/5
  2554 | D:3      | Found a deep blue altar of Sif Muna.
  2673 | D:3      | Found a white marble altar of Elyvilon.
  2780 | D:3      | Found a blossoming altar of Fedhas.
  2782 | D:3      | Found an ancient bone altar of Kikubaaqudgha.
  2818 | D:3      | Found a shattered altar of Ashenzari.
  2999 | D:4      | Reached XP level 6. HP: 16/43 MP: 6/6
  3104 | D:4      | Found a shimmering altar of Xom.
  3123 | D:4      | Reached skill level 5 in Stealth
  3145 | D:4      | Found a sparkling altar of Nemelex Xobeh.
  3177 | D:4      | Reached skill level 5 in Unarmed Combat
  3177 | D:4      | Reached XP level 7. HP: 40/49 MP: 7/7
  3348 | D:4      | Found a staircase to the Ecumenical Temple.
  3419 | Temple   | Entered the Ecumenical Temple
  3662 | D:5      | Entered Level 5 of the Dungeon
  3678 | D:5      | Noticed Edmund
  3679 | D:5      | Found a shadowy altar of Dithmenos.
  3693 | D:5      | Killed Edmund
  3937 | D:5      | Noticed Eustachio
  3948 | D:5      | Killed Eustachio
  3948 | D:5      | Reached skill level 5 in Dodging
  3948 | D:5      | Reached skill level 6 in Stealth
  3948 | D:5      | Reached XP level 8. HP: 31/54 MP: 8/8
  3977 | D:5      | Reached skill level 5 in Fighting
  4139 | D:5      | Became a worshipper of Dithmenos the Shadowed
  4139 | D:5      | Reached * piety under Dithmenos
  4139 | D:5      | Reached ** piety under Dithmenos
  4228 | D:5      | Gained mutation: You expend magic power (3 MP) to strengthen your wands. [mutagenic meat]
  4480 | D:6      | Found a radiant altar of Vehumet.
  4491 | D:6      | Found a bloodstained altar of Trog.
  4627 | D:6      | Gained mutation: You are resistant to hostile enchantments. [mutagenic meat]
  4668 | D:6      | Found a burning altar of Makhleb.
  4685 | D:6      | Noticed Blork the orc
  4697 | D:6      | Killed Blork the orc
  4727 | D:6      | Found a sacrificial altar of Ru.
  5632 | D:7      | Reached skill level 7 in Stealth
  5869 | D:7      | Noticed Deemzul's ghost (novice OpMo)
  6083 | D:8      | Reached XP level 9. HP: 62/62 MP: 9/9
  6296 | D:8      | Reached *** piety under Dithmenos
  6480 | D:8      | Reached skill level 5 in Shields
  6908 | D:9      | Noticed a komodo dragon
  6917 | D:10     | Entered Level 10 of the Dungeon
  6975 | D:10     | Noticed a troll
  6983 | D:10     | Reached skill level 8 in Stealth
  7135 | D:10     | Noticed a merfolk
  7145 | D:10     | Killed a merfolk
  7352 | D:10     | Noticed a hill giant
  7379 | D:11     | Noticed Harold
  7527 | D:10     | Mangled by an orc warrior

Vault maps used:
D:1:      lemuel_arrival_cross
D:2:      first_bread, serial_glass, glass_columns_b, glass_columns_a,
          glass_columns_c, glass_columns_c, glass_columns_a, glass_columns_a,
          kennysheep_generic_room_11
D:3:      grunt_temple_overflow_growth_and_decay, lemuel_crystal_altar,
          ashenzari_altar_1, nicolae_overflow_crystal_walls
D:4:      xom_confusion_cloud, nemelex_deck,
          minmay_temple_entry_enclosed_plants, feat_on_display
D:5:      nicolae_dithmenos_shadow_blocks, uniq_eustachio, uniq_edmund
D:6:      lemuel_crystal_altar, lemuel_coloured_pillars_altar,
          nicolae_overflow_quartered_altars, nrook_pool_corridor,
          uniq_blork_the_orc
D:7:      uniq_pikel
D:9:      zombieorc2_lemuel, minmay_diamond_spiral
D:10:     erik_lair_dragon, hangedman_fish_farm, minmay_misc_feat_hallway
D:11:     kennysheep_small_square, uniq_erica, uniq_harold
Temple:   circular_temple_6

Skill      XL: |  1  2  3  4  5  6  7  8  9 |
---------------+----------------------------+-----
Stealth        | 3 4 5 6 7 8 |  8.4
Shields        | 1 2 3 4 5 |  5.6
Dodging        | 4 5 6 |  6.8
Fighting       | 4 5 6 |  6.6
Unarmed Combat | 5 6 7 |  7.0

Action                   |  1- 3 |  4- 6 |  7- 9 || total
-------------------------+-------+-------+-------++-------
Melee: Unarmed           |    68 |   135 |   278 ||   481
Evoke: Wand              |       |       |     6 ||     6
  Use: Potion            |       |     6 |     2 ||     8
       Scroll            |       |     1 |    10 ||    11
 Stab: Sleeping          |     5 |     7 |    27 ||    39
       Distracted        |       |       |     1 ||     1
  Eat: Chunk             |     1 |     6 |    15 ||    22
       Fruit             |       |       |     1 ||     1
